Map: Nightshade LE

Players

Serenity

  • Race: Protoss Protoss
  • League: Platinum
  • Spawn Location: 11:00

A.I. 2 (Very Easy) - Winner!

  • Race: Terran Terran
  • Spawn Location: 5:00

VOD

Have the link to the VOD?

Description

Time

  • Played on: May 15, 2020, 8:35 p.m.
  • Length: 4:48
Show
View Real Time Build Order
Export as new Build Order

Serenity Protoss 

Build Orders: 1 Gate Expand 

Get SALT Encoding   

  12  0:01  Probe  
  13  0:13  Probe  
  14  0:17  Pylon  
  14  0:25  Probe  
  15  0:35  Gateway  
  15  0:37  Probe  
  16  0:44  Assimilator  
  17  0:50  Probe (Chrono Boost)  
  17  1:01  Probe (Chrono Boost)  
  18  1:07  Probe (Chrono Boost)  
  19  1:16  Probe  
  20  1:22  Cybernetics Core  
  20  1:37  Nexus  
  20  1:46  Assimilator  
  21  1:52  Pylon  
  21  1:59  Warp Gate  
  21  2:00  Adept  
  22  2:09  Probe  
  22  2:13  Twilight Council  
  23  2:21  Probe  
  24  2:31  Robotics Facility  
  24  2:33  Probe  
  25  2:45  Charge (Chrono Boost)  
  25  3:05  Gateway  
  25  3:07  Gateway  
  25  3:10  Gateway  
  25  3:17  Gateway  
  25  3:25  Gateway  
  25  3:32  Gateway  
  25  3:39  Warp Prism (Chrono Boost)  
  25  3:48  Zealot  
  29  4:05  Zealot x3  
  35  4:43  Zealot x3  
  35  4:44  Zealot x2  
Show
View Real Time Build Order
Export as new Build Order

A.I. 2 (Very Easy) Terran - Winner!

Build Orders: Reaper Expand 

Get SALT Encoding   

  12  0:00  SCV  
  13  0:13  SCV  
  14  0:17  Supply Depot  
  14  0:42  Barracks  
  14  1:02  Command Center  
  14  1:30  Orbital Command, Supply Depot  
  14  1:31  Marine  
  15  1:36  Refinery  
  15  1:48  Refinery  
  15  1:56  SCV  
  16  2:08  SCV  
  17  2:14  SCV  
  18  2:16  Reaper  
  18  2:21  SCV  
  20  2:29  SCV  
  21  2:36  SCV  
  22  2:43  SCV  
  23  2:50  SCV  
  24  2:56  Refinery  
  24  2:58  SCV  
  25  2:59  Marine  
  25  3:05  SCV  
  27  3:12  SCV  
  28  3:13  Factory  
  28  3:37  Refinery  
  28  3:38  SCV  
  29  3:43  Marine  
  29  3:45  SCV  
  31  3:53  SCV  
  32  3:56  Supply Depot  
  32  3:58  Starport  
  32  4:00  SCV  
  33  4:07  SCV  
  34  4:14  SCV  
  35  4:22  SCV  
  36  4:29  SCV  
  38  4:36  Starport Tech Lab  
  39  4:40  Supply Depot  
Tags
 
Add a new tag
Caveats
  • Supply blocks, unpowered buildings, or Contaminate may cause inaccurate times.
  • Supply counts are checked every 10 seconds.